 Dungeon Crawl Stone Soup version 0.27-a0-156-gbcd94eb011 (webtiles) character file.

Game seed: 15557179849572487096

148 lunkers the Chucker (level 5, -5/47 HPs)
             Began as a Hill Orc Hunter on Jan 27, 2021.
             Slain by a gnoll
             ... wielding a +0 halberd
              (16 damage)
             ... on level 2 of the Dungeon.
             The game lasted 00:02:57 (1781 turns).

lunkers the Chucker (Hill Orc Hunter)               Turns: 1781, Time: 00:02:58

Health: -5/47      AC:  4    Str: 16    XL:     5   Next: 30%
Magic:  5/5        EV: 11    Int: 11    God:
Gold:   57         SH:  0    Dex: 11    Spells: 4/4 levels left

rFire    . . .     SeeInvis .   a - +0 short sword
rCold    . . .     Faith    .   (no shield)
rNeg     . . .     Spirit   .   m - +0 troll leather armour
rPois    .         Reflect  .   (no helmet)
rElec    .         Harm     .   (no cloak)
rCorr    .         Rampage  .   (no gloves)
Will     .....                  (no boots)
Stlth    +.........             (no amulet)
HPRegen  0.55/turn              (no ring)
MPRegen  0.09/turn              (no ring)

@: no status effects
A: no striking features
a: no special abilities


You were on level 2 of the Dungeon.
You visited 1 branch of the dungeon, and saw 2 of its levels.

You collected 57 gold pieces.

Inventory:

Hand Weapons
 a - a +0 short sword (weapon)
Missiles
 j - 46 stones (quivered)
 p - 3 atropa-tipped darts
Armour
 b - a +0 leather armour
 m - a +0 troll leather armour (worn)
 o - a +0 ring mail of fire resistance
Jewellery
 c - a +6 ring of dexterity
 k - an uncursed amulet of regeneration {unknown}
Scrolls
 f - 2 scrolls of teleportation {unknown}
 g - a scroll of enchant weapon {unknown}
 h - a scroll of random uselessness {unknown}
 i - 4 scrolls of identify {unknown}
 n - a scroll of blinking {unknown}
 q - a scroll of fear {unknown}
Potions
 e - 2 potions of heal wounds {unknown}
 l - a potion of flight {unknown}


   Skills:
 + Level 4.8 Fighting
 + Level 4.8 Throwing
 - Level 1.5 Dodging
 - Level 0.7 Stealth


You had 4 spell levels left.
You didn't know any spells.
Your spell library was empty.

Dungeon Overview and Level Annotations

Branches:
Dungeon (2/15)

Altars:
Xom


Message History

HP restored.
You climb downwards.
The gnoll hits you from afar with a +0 halberd!
There is a stone staircase leading up, spattered with blood here.
The gnoll hits you with a +0 halberd. The gnoll closely misses you.
Items here: )) = ††.
You hit the gnoll but do no damage. The gnoll hits you but does no damage.
The gnoll barely misses you.
The gnoll hits you from afar with a +0 spear.
You hit the gnoll.
The gnoll is moderately wounded.
The gnoll hits you but does no damage. The gnoll hits you with a +0 halberd.
* * * LOW HITPOINT WARNING * * *
The gnoll hits you from afar with a +0 spear.
* * * LOW HITPOINT WARNING * * *
c - a +6 ring of dexterity The gnoll hits you from afar with a +0 spear!
* * * LOW HITPOINT WARNING * * *
The gnoll barely misses you. The gnoll hits you with a +0 halberd!
You die...

###############
##.##.÷........##
##.#.#g#######...#####
##.###.gg@<.....#.....# ####g##
##.#######...###.# #####...##
##.....###.## #.# ..g..gg#.##
##.####.# #.# #.#
..###gg##.###..## #.# #.# #.#
...........#....###.###.# #.#
###.#..##.#.#...........####.##
#.......###..####......##.#.###
###..##.###..# ####.#.#.###..#


You could see 3 gnolls.

Vanquished Creatures
  Natasha (twice) (D:2)
  A gnoll (D:1)
  3 adders (D:2)
  3 dart slugs (D:1)
  A leopard gecko (D:2)
  A giant cockroach (D:1)
  8 goblins
  6 hobgoblins
  6 jackals
  4 kobolds
  A quokka (D:2)
  11 bats
  3 frilled lizards
  6 rats
56 creatures vanquished.

Notes
Turn   | Place    | Note
-------+----------+-------------------------------------------
     0 | D:1      | lunkers the Hill Orc Hunter began the quest for the Orb.
     0 | D:1      | Reached XP level 1. HP: 18/18 MP: 1/1
    55 | D:1      | Reached XP level 2. HP: 21/25 MP: 2/2
   619 | D:1      | Reached XP level 3. HP: 28/31 MP: 3/3
  1119 | D:2      | Found a shimmering altar of Xom.
  1171 | D:2      | Found a shimmering altar of Xom.
  1331 | D:2      | Reached XP level 4. HP: 40/40 MP: 4/4
  1383 | D:2      | Noticed Natasha
  1394 | D:2      | Killed Natasha
  1656 | D:2      | Noticed Natasha
  1658 | D:2      | Killed Natasha
  1659 | D:2      | Reached XP level 5. HP: 47/47 MP: 5/5
  1781 | D:2      | Slain by a gnoll

Illustrated notes

Levels and vault maps discovered:
D:1:      lemuel_arrival_tunnels, layout_loops_cross, dk_noncrumbling_3,
          minmay_misc_feat_hallway
D:2:      layout_loops_ring, yredelemnul_altar_generic, grunt_ministairs_9,
          xom_redecorated, uniq_natasha

Skill      XL: |  1  2  3  4 |
---------------+-------------+-----
Fighting       | 3 4 |  4.8
Throwing       | 4 |  4.8
Dodging        | |  1.5
Stealth        | |  0.7

Action                   |  1- 3 |  4- 6 || total
-------------------------+-------+-------++-------
Melee: Short sword       |   116 |    67 ||   183
Throw: Javelin           |    17 |     7 ||    24
       Stone             |       |     4 ||     4
       Throwing net      |       |     2 ||     2
Armor: Leather armour    |    10 |       ||    10
       Troll leather arm |    51 |    21 ||    72
Dodge: Dodged            |    98 |    39 ||   137

Table legend: (Time is in decaauts)
 A = Elapsed time spent in this place.
 B = Non-inter-level travel time spent in this place.
 C = Inter-level travel time spent in this place.
 D = Time resting spent in this place.
 E = Time spent auto-exploring this place.
 F = Levels seen in this place.
 G = Mean time per level.
                   A        B        C        D        E       F      G
               +--------+--------+--------+--------+--------+-----+--------+
         Total |   1806 |   1796 |     10 |     44 |   1281 |   2 |  903.0 |
       Dungeon |   1806 |   1796 |     10 |     44 |   1281 |   2 |  903.0 |
               +--------+--------+--------+--------+--------+-----+--------+

Top non-repeatable levels by time:
     D:1: 1098 daAuts
     D:2: 707 daAuts
